 Dungeon Crawl Stone Soup version 0.29.1-15-g9cfb28693d (webtiles) character file.

Game seed: 4323488149230698333

104 MacCMillion the Gusty (level 4, 21/24 HPs)
             Began as a Tengu Air Elementalist on Apr 5, 2023.
             Quit the game on level 3 of the Dungeon on Apr 8, 2023.
             The game lasted 00:06:03 (3393 turns).

MacCMillion the Gusty (Tengu Air Elementalist)      Turns: 3393, Time: 00:06:03

Health: 21/24      AC:  2    Str: 14    XL:     4   Next: 80%
Magic:  17/17      EV: 12    Int: 17    God:
Gold:   141        SH:  0    Dex: 15    Spells: 1/7 levels left

rFire   . . .      SeeInvis .   h - +0 dagger
rCold   . . .      Faith    .   (no shield)
rNeg    . . .      Spirit   .   a - +0 robe
rPois   .          Reflect  .   (helmet restricted)
rElec   .          Harm     .   (no cloak)
rCorr   .          Rampage  .   (no gloves)
Will    .....                   (boots unavailable)
Stlth   ++........              (no amulet)
HPRegen 0.08/turn               c - +6 ring of strength
MPRegen 0.15/turn               i - ring of magical power

@: no status effects
A: beak, talons 3
a: no special abilities


You were on level 3 of the Dungeon.
You visited 1 branch of the dungeon, and saw 3 of its levels.

You collected 141 gold pieces.

Inventory:

Hand Weapons
 h - a +0 dagger (weapon)
Armour
 a - a +0 robe (worn)
Jewellery
 c - a +6 ring of strength (left hand)
 i - a ring of magical power (right hand)
 o - a ring of flight
Scrolls
 f - 4 scrolls of identify {unknown}
 g - a scroll of brand weapon {unknown}
 k - a scroll of immolation {unknown}
 n - a scroll of enchant armour {unknown}
 p - a scroll of blinking {unknown}
Potions
 b - a potion of magic
 d - 3 potions of flight {unknown}
 e - 2 potions of resistance {unknown}
 j - 2 potions of haste {unknown}
 l - 2 potions of might {unknown}
 m - a potion of curing {unknown}


   Skills:
 - Level 2.1 Dodging
 - Level 2.0 Stealth
 - Level 2.0 Spellcasting
 - Level 3.0 Conjurations
 + Level 6.5 Air Magic


You had one spell level left.
You knew the following spells:

 Your Spells              Type           Power      Damage    Failure   Level
a - Shock                 Conj/Air       68%        1d7       2%          1
b - Static Discharge      Conj/Air       17%        3-6/arc   4%          2
c - Swiftness             Air            24%        N/A       4%          3

Your spell library contained the following spells:

 Spells                   Type           Power      Damage    Failure   Level
 Apportation              Tloc           2%         N/A       19%         1
 Airstrike                Air            12%        2d(2-18)  13%         4
 Summon Lightning Spire   Summ/Air       12%        N/A       45%         4
 Call Canine Familiar     Summ           1%         N/A       50%         3
 Alistair's Intoxication  Tmut/Pois      0%         N/A       99%         5
 Borgnjor's Vile Clutch   Necr/Erth      0%         N/A       99%         5
 Eringya's Noxious Bog    Tmut/Pois      0%         N/A       100%        6
 Haunt                    Necr/Summ      0%         N/A       100%        7


Dungeon Overview and Level Annotations

Branches:
Dungeon (3/15)

Altars:
Ru


Innate Abilities, Weirdness & Mutations

You have a beak for a mouth.
You have claws for feet.


Message History

Saving game... please wait.
Options error: Bad fail_severity_to_confirm: 10 should be <= 5 (~/.crawlrc:90) Welcome back, MacCMillion the Tengu Air Elementalist.
Press ? for a list of commands and other information.
Unknown command.
Saving game... please wait.
Options error: Bad fail_severity_to_confirm: 10 should be <= 5 (~/.crawlrc:90) Welcome back, MacCMillion the Tengu Air Elementalist.
Press ? for a list of commands and other information.
Unknown command.
Saving game... please wait.
Options error: Bad fail_severity_to_confirm: 10 should be <= 5 (~/.crawlrc:90) Welcome back, MacCMillion the Tengu Air Elementalist.
Press ? for a list of commands and other information.
Unknown command.
Saving game... please wait.
Options error: Bad fail_severity_to_confirm: 10 should be <= 5 (~/.crawlrc:90) Welcome back, MacCMillion the Tengu Air Elementalist.
Press ? for a list of commands and other information.
Saving game... please wait.
Options error: Bad fail_severity_to_confirm: 10 should be <= 5 (~/.crawlrc:90) Welcome back, MacCMillion the Tengu Air Elementalist.
Press ? for a list of commands and other information.
Saving game... please wait.
Options error: Bad fail_severity_to_confirm: 10 should be <= 5 (~/.crawlrc:90) Welcome back, MacCMillion the Tengu Air Elementalist.
Press ? for a list of commands and other information.
Saving game... please wait.
Options error: Bad fail_severity_to_confirm: 10 should be <= 5 (~/.crawlrc:90) Welcome back, MacCMillion the Tengu Air Elementalist.
Press ? for a list of commands and other information.
Saving game... please wait.
Options error: Bad fail_severity_to_confirm: 10 should be <= 5 (~/.crawlrc:90) Welcome back, MacCMillion the Tengu Air Elementalist.
Press ? for a list of commands and other information.
Saving game... please wait.
Options error: Bad fail_severity_to_confirm: 10 should be <= 5 (~/.crawlrc:90) Welcome back, MacCMillion the Tengu Air Elementalist.
Press ? for a list of commands and other information.
Are you sure you want to abandon this character and quit the game? (Confirm with "yes".)

#. #. #. ### ###
#. #.. ..# ####.
#.# #.# #.... #.#
#.# #.#.. #r#
####.#####.... #@#
#..........#..
#.###.##.########.
#........# #.
#####.#### #. #.#
##' #.# ##.. #.###
##... #.#.##
##....
##....####.....


You could see a quokka.

Vanquished Creatures
  3 adders
  A worm (D:3)
  A dart slug (D:3)
  7 orcs (D:3)
  4 bats
  8 endoplasms
  2 giant cockroaches
  5 hobgoblins
  2 jackals (D:2)
  8 quokkas
  5 ball pythons
  6 frilled lizards
  A goblin (D:1)
  5 kobolds
  4 rats
62 creatures vanquished.

Vanquished Creatures (others)
  2 plants (D:1)
2 creatures vanquished.

Grand Total: 64 creatures vanquished

Notes
Turn   | Place    | Note
-------+----------+-------------------------------------------
     0 | D:1      | MacCMillion the Tengu Air Elementalist began the quest for
                  | the Orb.
     0 | D:1      | Reached XP level 1. HP: 10/10 MP: 4/4
   188 | D:1      | Reached XP level 2. HP: 15/15 MP: 1/6
   448 | D:1      | Found a faded altar of an unknown god.
   891 | D:2      | Reached XP level 3. HP: 19/19 MP: 3/7
   987 | D:2      | Learned a level 2 spell: Static Discharge
   991 | D:2      | Learned a level 3 spell: Swiftness
  1365 | D:2      | Reached skill level 5 in Air Magic
  1425 | D:2      | Got the Omnibus of the Legion
  1819 | D:2      | Reached XP level 4. HP: 22/24 MP: 8/8
  2270 | D:3      | Reached skill level 6 in Air Magic
  2628 | D:3      | Found a sacrificial altar of Ru.
  3393 | D:3      | Quit the game

Illustrated notes

Levels and vault maps discovered:
D:1:      dpeg_arrival_round_a, layout_rooms,
          shapermc_ecumenical_altar_acropolis, serial_bayou_pond_e
D:2:      layout_loops_cross
D:3:      layout_loops_corners, nicolae_ru_the_path_less_chosen,
          nicolae_figureground_pulse

Skill      XL: |  1  2  3  4 |
---------------+-------------+-----
Conjurations   | 2 3 |  3.0
Air Magic      | 5 6 |  6.5
Dodging        | |  2.1
Stealth        | |  2.0
Spellcasting   | |  2.0

Action                   |  1- 3 |  4- 6 || total
-------------------------+-------+-------++-------
Melee: Dagger            |     2 |    18 ||    20
       Kick              |       |     3 ||     3
       Peck              |       |     1 ||     1
       Punch             |       |     1 ||     1
 Cast: Shock             |    73 |    38 ||   111
       Static Discharge  |     3 |     1 ||     4
 Stab: Sleeping          |       |     1 ||     1
Armor: Robe              |     6 |     7 ||    13
Dodge: Dodged            |    16 |    23 ||    39
